 Dungeon Crawl Stone Soup version 0.21-a0-196-g6a663c0 (webtiles) character file.

605 terra52 the Cutter (level 7, -5/55 HPs)
             Began as a Demonspawn Chaos Knight on Aug 15, 2017.
             Was an Initiate of Gozag.
             Slain by a sixfirhy (8 damage)
             ... summoned by Xom
             ... on level 5 of the Dungeon.
             The game lasted 00:10:41 (5206 turns).

terra52 the Cutter (Demonspawn Chaos Knight)        Turns: 5206, Time: 00:10:42

Health: -5/55      AC:  6    Str: 14    XL:     7   Next: 19%
Magic:  7/7        EV: 12    Int: 13    God:    Gozag
Gold:   418        SH:  4    Dex: 15    Spells: 6/6 levels left

rFire    . . .     SeeInvis .   a - +0 short sword (chaos)
rCold    . . .     Gourm    .   l - +0 buckler
rNeg     . . .     Faith    .   b - +2 leather armour
rPois    .         Spirit   .   (helmet restricted)
rElec    .         Reflect  .   q - +0 cloak
rCorr    .         Harm     .   (no gloves)
MR       +....                  (no boots)
Stlth    ++++......             m - amulet of rage
HPRegen  0.18/turn              i - ring of protection from magic
MPRegen  0.10/turn              (no ring)

@: slowed, very slow
A: horns 1, thin skeletal structure 1, demonic guardian 1, nightstalker 1
a: Potion Petition, Call Merchant, Bribe Branch, Renounce Religion, Evoke
Berserk Rage


You were on level 5 of the Dungeon.
You worshipped Gozag.
Gozag was aware of your devotion.
You were not hungry.

You visited 1 branch of the dungeon, and saw 5 of its levels.

You collected 474 gold pieces.
You paid 56 gold pieces to Gozag.

Inventory:

Hand Weapons
 a - a +0 short sword of chaos (weapon)
 k - a +6 dagger of holy wrath
Missiles
 h - 7 tomahawks (quivered)
Armour
 b - a +2 leather armour (worn)
 l - a +0 buckler (worn)
 q - a +0 cloak (worn)
Jewellery
 i - a ring of protection from magic (left hand)
 m - an amulet of rage (around neck)
 t - an uncursed ring of fire
Wands
 j - a wand of flame (40/48)
Scrolls
 e - 2 scrolls of remove curse
 f - 6 scrolls of identify {unknown}
 u - 2 scrolls of random uselessness
 v - a scroll of teleportation {unknown}
Potions
 d - a potion of cancellation {unknown}
 g - a potion of might {unknown}
 n - a potion of haste {unknown}
 p - a potion of curing {unknown}
 s - a potion of berserk rage {unknown}
Comestibles
 c - 4 bread rations


   Skills:
 + Level 4.7 Fighting
 + Level 4.8 Short Blades
 + Level 3.1 Armour
 + Level 2.2 Dodging
 + Level 2.7 Stealth
 + Level 0.8 Shields
 + Level 0.2 Evocations


You had 6 spell levels left.
You didn't know any spells.

Dungeon Overview and Level Annotations

Branches:
Dungeon (5/15)
 Temple: D:4-7

Altars:
Gozag
Hepliaklqana
Kikubaaqudgha
Okawaru
Qazlal
Uskayaw
Xom


Innate Abilities, Weirdness & Mutations

You have a pair of small horns on your head.
You have a somewhat thin skeletal structure. (Dex +2, Stealth)
A weak demonic guardian rushes to your aid.
You are slightly more attuned to the shadows.


Message History

As you read the scroll labeled LOGROQUGINENT, it crumbles to dust.
It is a scroll of amnesia.
You feel forgetful for a moment.
The ufetubus hits you but does no damage.
The ufetubus barely misses you. You block the iron imp's attack.
As you read the scroll labeled EMICYOWKOSH, it crumbles to dust.
It is a scroll of recharging.
Charge which item? (? for menu, Esc to quit)
Your wand of flame (?/48) glows for a moment.
The sixfirhy hits you. The sixfirhy shocks you!
* * * LOW HITPOINT WARNING * * *
The sixfirhy misses you.
The sixfirhy hits you but does no damage.
The sixfirhy hits you.
* * * LOW HITPOINT WARNING * * *
The sixfirhy shocks you!
* * * LOW HITPOINT WARNING * * *
The sixfirhy hits you!
You die...
Your body crumbles into a pile of gold.

........# # ###.....
#. $ #..... ##. ##
#..... ... ..# #....#
#.### #.# #.#.## #.55#
#.# #.#).. ###3# #.#
#.###.
#55@######.####.###.
#55533...........#..
#..5########..........
#### #..>#####.....
###...### #...##
#.?.....###...#
#.............#
#.......###...#
###...### ##..#


You could see a sixfirhy, a smoke demon, a neqoxec, an iron imp, 2 quasits, a
crimson imp, 2 shadow imps and 2 ufetubi.

Vanquished Creatures
  A phantom (D:4)
  A centaur (D:5)
  An ogre (D:5)
  A gnoll shaman (D:4)
  A bullfrog skeleton (D:4)
  2 worker ants
  An iguana (D:5)
  7 adders
  6 gnolls
  A shadow imp (D:5)
  2 oozes (D:1)
  5 worms
  A dart slug (D:2)
  2 leopard geckos
  An orc (D:3)
  2 giant cockroaches
  13 goblins
  3 hobgoblins
  3 jackals (D:1)
  8 kobolds
  A quokka (D:2)
  2 ball pythons
  9 bats
  7 frilled lizards
  9 rats
90 creatures vanquished.

Vanquished Creatures (collateral kills)
  An iguana (D:4)
  3 gnolls
  A giant cockroach (D:4)
5 creatures vanquished.

Vanquished Creatures (others)
  A jackal (D:1)
1 creature vanquished.

Grand Total: 96 creatures vanquished

Notes
Turn   | Place    | Note
-------+----------+-------------------------------------------
     0 | D:1      | terra52 the Demonspawn Chaos Knight began the quest for the Orb.
     0 | D:1      | Reached XP level 1. HP: 18/18 MP: 1/1
   114 | D:1      | XOM: silly message
   133 | D:1      | Gained mutation: You have a somewhat thin skeletal structure. (Dex +2, Stealth) [demonic ancestry]
   133 | D:1      | Reached XP level 2. HP: 11/24 MP: 2/2
   793 | D:1      | XOM: divination: magic mapping
   797 | D:1      | Reached skill level 1 in Dodging
   829 | D:1      | XOM: mild Tloc miscast
  1172 | D:1      | XOM: silly message
  1320 | D:2      | XOM: cloud trail
  1329 | D:2      | Gained mutation: A weak demonic guardian rushes to your aid. [demonic ancestry]
  1329 | D:2      | Reached XP level 3. HP: 29/29 MP: 3/3
  1336 | D:2      | Found a stormy altar of Qazlal.
  1716 | D:2      | Found a hazy altar of Hepliaklqana.
  1868 | D:2      | Gained mutation: You have a pair of small horns on your head. [demonic ancestry]
  1868 | D:2      | Reached XP level 4. HP: 12/37 MP: 4/4
  2221 | D:2      | XOM: mild Tloc miscast
  2478 | D:2      | XOM: summons 2 hostile demons
  2591 | D:2      | Reached XP level 5. HP: 35/42 MP: 5/5
  3071 | D:3      | Found an opulent altar of Gozag.
  3079 | D:3      | Fell from the grace of Xom
  3079 | D:3      | Became a worshipper of Gozag Ym Sagoz the Greedy
  3095 | D:3      | Found an iron altar of Okawaru.
  3216 | D:3      | Found a hide-covered altar of Uskayaw.
  3219 | D:3      | Noticed a dagger
  3219 | D:3      | Noticed a hand axe
  3565 | D:3      | Reached skill level 1 in Stealth
  4498 | D:4      | Found a shimmering altar of Xom.
  4596 | D:4      | Found an ancient bone altar of Kikubaaqudgha.
  4646 | D:4      | Noticed a phantom
  4658 | D:4      | Killed a phantom
  4658 | D:4      | Gained mutation: You are slightly more attuned to the shadows. [demonic ancestry]
  4658 | D:4      | Reached XP level 6. HP: 49/49 MP: 6/6
  4895 | D:5      | Entered Level 5 of the Dungeon
  4949 | D:5      | Reached XP level 7. HP: 37/55 MP: 7/7
  5203 | D:5      | XOM: summons 11 hostile demons
  5204 | D:5      | Noticed a sixfirhy
  5204 | D:5      | Noticed a neqoxec
  5204 | D:5      | Noticed a smoke demon
  5206 | D:5      | Slain by a sixfirhy

Vault maps used:
D:1:      onia_arrival_mini_maze, minmay_heptomino_h4
D:2:      marbit_many_paths, lemuel_coloured_pillars_altar
D:3:      dancing_weapons_uskayaw, nicolae_overflow_crystal_walls,
          lemuel_doored_altar, minmay_misc_feat_room, minmay_box_of_dots
D:4:      kiku_gazebo_pond_becter, kennysheep_mini_moat, first_bread,
          grunt_decor_one_mirror
D:5:      led_sif_pool, basic_altar, kennysheep_windowed_goal, uniq_sigmund

Skill      XL: |  1  2  3  4  5 |
---------------+----------------+-----
Armour         | 2 3 |  3.1
Short Blades   | 3 4 |  4.8
Dodging        | 1 2 |  2.2
Fighting       | 4 |  4.7
Stealth        | 2 |  2.7
Shields        | |  0.8
Evocations     | |  0.2

Action                   |  1- 3 |  4- 6 |  7- 9 || total
-------------------------+-------+-------+-------++-------
Melee: Short sword       |   115 |   165 |    16 ||   296
       Headbutt          |       |    35 |     1 ||    36
 Abil: Evoke Berserk Rag |       |     1 |       ||     1
  Use: Scroll            |       |     1 |     3 ||     4
 Stab: Sleeping          |     1 |     4 |     1 ||     6
       Petrifying        |       |     1 |       ||     1
       Paralysed         |       |     2 |       ||     2
       Confused          |       |     1 |       ||     1
  Eat: Chunk             |     3 |     4 |       ||     7
       Meat ration       |       |     1 |       ||     1
       Bread ration      |       |     1 |       ||     1
Armor: Leather armour    |    31 |    34 |     3 ||    68
Dodge: Dodged            |    55 |    71 |     7 ||   133
Block: Buckler           |       |    15 |     3 ||    18
